AoeStats
← Xx360nOsCoPexX

Black Forest

505194885Analyzed
4v4 RM · 23d ago on Sep 8, 2026· 27m 42s· 8 players
Game mode
Random Map
Map size
Large (8 player)
Population
200
Speed
Normal
Resources
Standard
Victory
Conquest
Starting age
Dark Age
Ending age
Imperial Age
RankedLock teamsTeams togetherTeam positionsShared explorationLock speedFull tech treeHidden civsTurbo modeCheats
Victory
Defeat
🇲🇽 Franks · Mexico
845
+14
🇳🇿 Goths · New Zealand
837
+34
🇫🇷 Britons · France
819
+15
🇦🇺 Magyars · Australia
809
+15
🇹🇷 Lithuanians · Türkiye
836
-16
🇺🇸 Turks · United States
805
-15
🇫🇷 Byzantines · France
793
-14
🇨🇳 Britons · China
745
-13
LeVieuxMachin
0:29 Loom
12:04 Feudal Age
16:25 Castle Age
14:34 Double-Bit Axe
14:33 Horse Collar
17:53 Bow Saw
29:19 Imperial Age
26:55 Heavy Plow
parkmihan
0:29 Loom
14:23 Feudal Age
14:49 Double-Bit Axe
24:06 Castle Age
23:02 Gold Mining
23:05 Stone Mining
25:01 Bow Saw
Godofsinner
0:30 Loom
13:38 Feudal Age
16:00 Wheelbarrow
15:07 Horse Collar
15:18 Gold Mining
15:15 Double-Bit Axe
24:30 Castle Age
23:26 Bloodlines
24:08 Forging
24:10 Scale Barding Armor
24:42 Stone Mining
25:28 Light Cavalry
AI
11:00 Feudal Age
15:47 Castle Age
13:54 Double-Bit Axe
rick_m94
0:38 Loom
11:19 Feudal Age
17:12 Castle Age
15:57 Double-Bit Axe
17:55 Wheelbarrow
19:43 Bow Saw
25:29 Hand Cart
iPsYKo vZ
0:30 Loom
14:19 Feudal Age
18:36 Castle Age
16:25 Double-Bit Axe
16:23 Horse Collar
18:43 Wheelbarrow
19:52 Bow Saw
19:52 Heavy Plow
22:38 Gold Mining
22:38 Stone Mining
Xx360nOsCoPexX
0:27 Loom
11:30 Feudal Age
12:53 Wheelbarrow
12:22 Double-Bit Axe
13:55 Horse Collar
15:44 Gold Mining
20:53 Castle Age
23:08 Hand Cart
26:41 Bow Saw
26:51 Caravan
27:06 Forging
26:57 Scale Mail Armor
gibbo13322
4:55 Loom
11:09 Feudal Age
12:51 Double-Bit Axe
15:26 Wheelbarrow
15:43 Horse Collar
17:46 Town Watch
21:17 Castle Age
18:51 Man-at-Arms
20:07 Stone Mining
20:50 Arson
21:45 Long Swordsman
Connection lost

Rejoining the realm…

Still unreachable

The connection could not be restored.

Session expired

The server has moved on; the page needs a fresh start.